 Dungeon Crawl Stone Soup version 0.29.1-4-g47bece8355 (webtiles) character file.

Game seed: 4027794278208469561

704 PhantomBowie the Trooper (level 7, -29/44 HPs)
             Began as a Gargoyle Berserker on Dec 4, 2022.
             Was a Priest of Trog.
             Annihilated by an ogre
             ... wielding a +0 giant spiked club
              (31 damage)
             ... on level 4 of the Dungeon.
             The game lasted 00:15:42 (4731 turns).

PhantomBowie the Trooper (Gargoyle Berserker)       Turns: 4731, Time: 00:15:43

Health: -29/44     AC: 15    Str: 22    XL:     7   Next: 67%
Magic:  7/7        EV:  9    Int:  8    God:    Trog [***...]
Gold:   180        SH:  0    Dex:  9    Spells: 6/6 levels left

rFire   . . .      SeeInvis .   a - +0 mace
rCold   . . .      Faith    .   (no shield)
rNeg    + . .      Spirit   .   l - +0 chain mail
rPois   ∞          Reflect  .   (no helmet)
rElec   +          Harm     .   (no cloak)
rCorr   .          Rampage  .   (no gloves)
Will    .....                   u - +0 pair of boots
Stlth   ..........              (no amulet)
HPRegen 0.14/turn               i - ring of flight
MPRegen 0.10/turn               (no ring)

@: flying
A: sickness immunity, AC +4, negative energy resistance 1, electricity
resistance, torment resistance 1, petrification resistance
a: Renounce Religion, Berserk, Trog's Hand


You were on level 4 of the Dungeon.
You worshipped Trog.
Trog was most pleased with you.
You visited 1 branch of the dungeon, and saw 4 of its levels.
You also visited: Sewer.

You collected 180 gold pieces.

Inventory:

Hand Weapons
 a - a +0 mace (weapon)
Armour
 l - a +0 chain mail (worn)
 u - a +0 pair of boots (worn)
Jewellery
 i - a ring of flight (left hand)
Wands
 j - a wand of flame (11)
Scrolls
 f - 4 scrolls of amnesia {unknown}
 g - a scroll of fear {unknown}
 h - 2 scrolls of identify {unknown}
 n - a scroll of teleportation {unknown}
 o - a scroll of poison {unknown}
Potions
 b - 2 potions of lignification {unknown}
 c - 2 potions of heal wounds {unknown}
 d - a potion of ambrosia {unknown}
 e - 3 potions of mutation {unknown}
 k - 2 potions of degeneration {unknown}
 m - a potion of might {unknown}
 p - 2 potions of haste {unknown}
 q - a potion of cancellation {unknown}
 r - a potion of invisibility {unknown}
 s - a potion of resistance {unknown}
 t - a potion of berserk rage {unknown}


   Skills:
 + Level 5.4 Fighting
 + Level 5.1 Maces & Flails
 + Level 4.9 Armour
 + Level 3.6 Dodging


You had 6 spell levels left.
You didn't know any spells.
Your spell library was empty.

Dungeon Overview and Level Annotations

Branches:
Dungeon (4/15)              Sewer (visited)
 Temple: D:4-7

Altars:
Cheibriados
Gozag

Annotations:
D:3 1 runed translucent door, Grokii's ghost, amateur MiFi


Innate Abilities, Weirdness & Mutations

You are immune to sickness and miasma.
Your stone body is resilient. (AC +4)
You are immune to poison.
You resist negative energy. (rN+)
You are resistant to electric shocks. (rElec)
You are resistant to unholy torment.
You are immune to petrification.


Message History

You kill the hobgoblin!
Trog accepts your kill.
HP restored.
Something unseen opens the door.
You sense a monster nearby.
A hobgoblin and a kobold come into view.
The hobgoblin shouts!
The kobold shouts!
An ogre and a ball python come into view.
The ogre shouts!
The ball python hisses angrily.
You hear an angry hiss. x2
A ball python comes into view.
The ball python hisses angrily.
You sock the kobold!
You kill the kobold!
Trog accepts your kill.
A quokka comes into view.
A ball python comes into view.
You see here a +0 sling.
You sock the hobgoblin!
You kill the hobgoblin!
Trog accepts your kill.
You sock the ball python!
You kill the ball python!
Trog accepts your kill.
You hit the ball python.
The ball python is heavily wounded.
The ball python barely misses you. x2
You sock the ball python!
You kill the ball python!
Trog accepts your kill.
You hit the ogre but do no damage.
The ogre hits you with a +0 giant spiked club!!
Ouch! That really hurt!
You hit the ogre but do no damage.
The ogre hits you with a +0 giant spiked club!!
* * * LOW HITPOINT WARNING * * *
There is a stone staircase leading up here.
The ogre attacks as you move away! The ogre barely misses you.
The ogre attacks as you move away!
The ogre hits you with a +0 giant spiked club!!
Ouch! That really hurt!
You die...

#.#.# .# # ... .##. #.#
... ##.## ##.##
##...###########...####
........)†............+
##...#######<......#
##.## #.###O.## #.S.#
#.# #@.# ##.## ### #.##
##.S# ..# ....# .###
S...# #. ....# # ...##
...# .###


You could see an ogre.

Vanquished Creatures
  6 kobold brigands (Sewer)
  Terence (D:2)
  14 adders
  2 river rats
  7 worms
  A dart slug (D:1)
  An orc (D:3)
  11 ball pythons
  6 bats
  17 endoplasms
  3 giant cockroaches
  3 goblins
  8 hobgoblins
  2 jackals (D:2)
  16 kobolds
  A quokka (D:2)
  4 frilled lizards
  15 rats
118 creatures vanquished.

Notes
Turn   | Place    | Note
-------+----------+-------------------------------------------
     0 | D:1      | PhantomBowie the Gargoyle Berserker began the quest for the
                  | Orb.
     0 | D:1      | Reached XP level 1. HP: 14/14 MP: 1/1
   146 | D:1      | Reached XP level 2. HP: 14/19 MP: 2/2
   663 | D:1      | Reached XP level 3. HP: 20/23 MP: 3/3
   686 | D:1      | Reached ** piety under Trog
  1026 | D:1      | Found a faded altar of an unknown god.
  1629 | D:2      | Noticed Terence
  1639 | D:2      | HP: 1/36 [Terence/puff of flame (4)]
  1640 | D:2      | Killed Terence
  1641 | D:2      | Reached XP level 4. HP: 2/29 MP: 4/4
  2559 | D:3      | Found an opulent altar of Gozag.
  2594 | D:3      | Noticed an ogre
  2672 | D:3      | Reached XP level 5. HP: 27/33 MP: 5/5
  3053 | D:3      | Found a glowing drain.
  3084 | Sewer    | Entered a sewer
  3117 | Sewer    | Reached *** piety under Trog
  3423 | Sewer    | Reached XP level 6. HP: 39/39 MP: 6/6
  3620 | Sewer    | Reached skill level 5 in Fighting
  3620 | Sewer    | Reached XP level 7. HP: 40/44 MP: 7/7
  4074 | Sewer    | Reached skill level 5 in Maces & Flails
  4246 | D:3      | Found a snail-covered altar of Cheibriados.
  4254 | D:3      | Identified the +8 rapier of the Evening {protect, rF+}
  4313 | D:3      | Found a runed translucent door.
  4314 | D:3      | Noticed Grokii's ghost (amateur MiFi)
  4722 | D:4      | HP: 1/44 [ogre/+0 giant spiked club (21)]
  4731 | D:4      | Annihilated by an ogre

Illustrated notes

Levels and vault maps discovered:
D:1:      scummos_arrival_hexagon, layout_loops_ring,
          ebering_ecumenical_altar_webs, amcnicky_mini_corridor_feature,
          minmay_pentomino_q2
D:2:      layout_loops_ring, uniq_terence
D:3:      layout_loops_ring, nicolae_gozag_seed_capital, cheibriados_altar_1,
          lightli_sewer_entry_pipes, gammafunk_ghost_grave
D:4:      minmay_opposing_rooms, layout_loops_corners, lemuel_tele_altar,
          kennysheep_mini_moat, ebering_ghost_rock_garden, uniq_natasha

Skill      XL: |  1  2  3  4  5  6  7 |
---------------+----------------------+-----
Dodging        | 2 3 |  3.6
Armour         | 3 4 |  4.9
Fighting       | 4 5 |  5.4
Maces & Flails | 4 5 |  5.1

Action                   |  1- 3 |  4- 6 |  7- 9 || total
-------------------------+-------+-------+-------++-------
Melee: Mace              |   150 |   251 |   133 ||   534
       Punch             |     3 |     3 |       ||     6
Invok: Berserk           |     1 |       |       ||     1
 Stab: Sleeping          |     1 |       |       ||     1
Armor: Animal skin       |    63 |       |       ||    63
       Ring mail         |     4 |     1 |       ||     5
       Chain mail        |       |   163 |    51 ||   214
Dodge: Dodged            |   101 |    83 |    44 ||   228
